 Dungeon Crawl Stone Soup version 0.32-a0-913-g739538afd8 (webtiles) character file.

Game seed: 16032099580942292849

19 Adrian566 the Ducker (level 2, 22/22 HPs)
             Began as a Vampire Gladiator on Apr 8, 2024.
             Quit the game on level 1 of the Dungeon.
             The game lasted 00:00:56 (539 turns).

Adrian566 the Ducker (Vampire Gladiator)             Turns: 539, Time: 00:00:56

Health: 22/22      AC:  4    Str: 13    XL:     2   Next: 55%
Magic:  2/2        EV: 12    Int: 10    God:
Gold:   46         SH:  0    Dex: 15    Spells: 1/1 levels left

rFire   . . .        a - +0 long sword
rCold   . . .        (no shield)
rNeg    . . .        b - +0 leather armour
rPois   .            c - +0 helmet
rElec   .            (no cloak)
rCorr   .            (no gloves)
SInv    +            (no boots)
Will    .....        (no amulet)
Stlth   +            (no ring)
HPRegen 0.43/turn    (no ring)
MPRegen 0.08/turn

%: no passive effects
@: healing quickly
A: alive, fangs 3, see invisible, vampiric 1
a: Exsanguinate


You were on level 1 of the Dungeon.
You visited 1 branch of the dungeon, and saw 1 of its levels.

You collected 46 gold pieces.

Inventory:

Hand Weapons
 a - a +0 long sword (weapon)
Missiles
 d - 3 throwing nets (quivered)
 e - a javelin
Armour
 b - a +0 leather armour (worn)
 c - a +0 helmet (worn)
Scrolls
 f - 2 scrolls of teleportation {unknown}
 g - a scroll of noise {unknown}
 h - a scroll of blinking {unknown}


   Skills:
 + Level 1.9 Fighting
 + Level 3.3 Long Blades
 + Level 1.6 Throwing
 + Level 0.3 Armour
 + Level 3.7 Dodging


You had one spell level left.
You didn't know any spells.
Your spell library contained the following spells:

 Spells                   Type           Power      Damage    Failure   Level
 Passwall                 Erth           0%         N/A       82%         3
 Volatile Blastmotes      Fire/Tloc      0%         2d10      82%         3
 Vhi's Electric Charge    Tloc/Air       0%         N/A       99%         4
 Bombard                  Conj/Erth      0%         9d1       100%        6


Dungeon Overview and Level Annotations

Branches:
Dungeon (1/15)

Altars:

Shops:
D:1 !


Innate Abilities, Weirdness & Mutations

Your natural rate of healing is accelerated.
You have razor-sharp teeth.
You have supernaturally acute eyesight. (SInv)
You are afflicted with vampirism.


Message History

No target in view!
No target in view!
A goblin is nearby!
A goblin is nearby!
A frilled lizard comes into view.
The frilled lizard hisses angrily.
A rat comes into view.
You closely miss the goblin. The goblin closely misses you.
The rat squeaks loudly.
You slash the goblin!
You kill the goblin!
The rat bites you but does no damage.
There is an open door here.
You see here a +0 dagger.
You closely miss the rat. You bite the rat.
The rat is heavily wounded.
The rat misses you.
You hit the rat.
You kill the rat!
The frilled lizard bites you but does no damage. x2
You slash the frilled lizard!
You kill the frilled lizard!
No target in view!
No target in view!
No target in view!
No target in view!
No target in view!
No target in view!
No target in view!
No target in view!
No target in view!
No target in view!
No target in view!
No target in view!
No target in view!
No target in view!
No target in view!
Welcome back, Adrian566 the Vampire Gladiator.
Press ? for a list of commands and other information.
Are you sure you want to abandon this character and quit the game? (Confirm with "yes".)

##......#.##.#
#.#......##.# ..# ..
#.#.....†##.# ..# ...
#.#...[#..#.# ..#....
#.#.......#.## ..#....
#.#...###)...## .....##
#[#...........##.......
#..............#.......
############...@>......
#...###..... #...# ...
#..........#
###########


There were no monsters in sight!

Vanquished Creatures
  An endoplasm (D:1)
  5 goblins (D:1)
  2 hobgoblins (D:1)
  3 kobolds (D:1)
  A quokka (D:1)
  A ball python (D:1)
  2 bats (D:1)
  A frilled lizard (D:1)
  2 rats (D:1)
18 creatures vanquished.

Notes
Turn   | Place    | Note
-------+----------+-------------------------------------------
     0 | D:1      | Adrian566 the Vampire Gladiator began the quest for the
                  | Orb.
     0 | D:1      | Reached XP level 1. HP: 16/16 MP: 1/1
   293 | D:1      | Reached XP level 2. HP: 13/22 MP: 2/2
   324 | D:1      | Found Ydoga Pist's Distillery.
   539 | D:1      | Quit the game

Illustrated notes

Levels and vault maps discovered:
D:1:      dpeg_arrival_line_fractal, layout_basic, serial_shops,
          nicolae_shop_stone, nicolae_titane

Action                     || total
---------------------------++-------
  Melee: Long sword        ||    40
         Bite              ||     6
 Armour: Leather armour    ||    22
  Dodge: Dodged            ||    15

Table legend: (Time is in decaauts)
 A = Elapsed time spent in this place.
 B = Non-inter-level travel time spent in this place.
 C = Inter-level travel time spent in this place.
 D = Time resting spent in this place.
 E = Time spent auto-exploring this place.
 F = Levels seen in this place.
 G = Mean time per level.
                   A        B        C        D        E       F      G
               +--------+--------+--------+--------+--------+-----+--------+
         Total |    548 |    548 |      0 |    216 |    242 |   1 |  548.0 |
       Dungeon |    548 |    548 |      0 |    216 |    242 |   1 |  548.0 |
               +--------+--------+--------+--------+--------+-----+--------+

Top non-repeatable levels by time:
     D:1: 548 daAuts
